 Dungeon Crawl Stone Soup version 0.22.1-6-g1668fe2 (webtiles) character file.

191 pkoi the Conjurer (level 5, -3/40 HPs)
             Began as a Draconian Conjurer on Jan 21, 2019.
             Slain by a hound (4 damage)
             ... on level 3 of the Dungeon.
             The game lasted 00:06:57 (3316 turns).

pkoi the Conjurer (Draconian Conjurer)              Turns: 3316, Time: 00:06:58

Health: -3/40      AC:  6    Str:  5    XL:     5   Next: 42%
Magic:  4/8        EV: 12    Int: 16    God:
Gold:   91         SH:  0    Dex: 11    Spells: 2/8 levels left

rFire    + . .     SeeInvis .   q - +1 hand axe (chop)
rCold    x . .     Gourm    .   (no shield)
rNeg     . . .     Faith    .   (armour unavailable)
rPois    .         Spirit   .   (helmet restricted)
rElec    .         Reflect  .   (no cloak)
rCorr    .         Harm     .   k - +0 pair of gloves
MR       .....                  (no boots)
Stlth    ++........             s - amulet of magic regeneration
HPRegen  0.13/turn              e - -6 ring of strength (curse)
MPRegen  0.36/turn              o - ring of fire

@: lethally poisoned (-3 -> -13)
A: unfitting armour, cold-blooded, AC +5
a: no special abilities


You were on level 3 of the Dungeon.
You were not hungry.

You visited 1 branch of the dungeon, and saw 4 of its levels.

You collected 91 gold pieces.

Inventory:

Hand Weapons
 g - a +0 dagger
 q - a +1 hand axe of chopping (weapon)
Armour
 k - a +0 pair of gloves (worn)
Jewellery
 e - a cursed -6 ring of strength (left hand)
 o - a ring of fire (right hand)
 s - an amulet of magic regeneration (around neck)
Scrolls
 a - 5 scrolls of identify
 h - a scroll of immolation
Potions
 c - a potion of haste {unknown}
 l - 3 potions of heal wounds {unknown}
 m - a potion of magic {unknown}
 n - a potion of curing
 p - a potion of degeneration {unknown}
 r - a potion of invisibility {unknown}
Comestibles
 b - 8 rations
 d - 2 chunks of flesh


   Skills:
 + Level 1.6 Fighting
 + Level 2.4 Dodging
 - Level 1.7 Stealth
 - Level 2.0 Spellcasting
 + Level 5.9 Conjurations
 + Level 1.2 Hexes


You had 2 spell levels left.
You knew the following spells:

 Your Spells              Type           Power        Failure   Level  Hunger
a - Magic Dart            Conj           ###.         1%          1    #......
b - Searing Ray           Conj           ###...       2%          2    ###....
c - Dazzling Spray        Conj/Hex       ##....       14%         3    ###....

Your spell library contained the following spells:

 Spells                   Type           Power        Failure   Level  Hunger
 Iskenderun's Mystic Bla  Conj           ###.....     19%         4    #####..
 Fulminant Prism          Conj/Hex       ##........   43%         4    #####..
 Force Lance              Conj/Tloc      ##......     52%         4    #####..


Dungeon Overview and Level Annotations

Branches:
Dungeon (4/15)
 Temple: D:4-7

Altars:
Ru

Annotations:
D:2 Terence


Innate Abilities, Weirdness & Mutations

Your plain brown scales are hard. (AC +5)
You cannot fit into any form of body armour.
You are cold-blooded and may be slowed by cold attacks.


Message History

The worker ant is moderately wounded.
You feel sick. The worker ant bites you.
* * * LOW HITPOINT WARNING * * *
The worker ant closely misses you.
The searing ray hits the worker ant.
The worker ant is almost dead.
The worker ant bites you.
* * * LOW HITPOINT WARNING * * *
You are more poisoned.
The worker ant poisons you!
The searing ray hits the worker ant.
You kill the worker ant!
The searing ray misses the hound.
The searing ray hits the worm.
The worm is heavily wounded.
You finish channeling your searing ray.
* * * LOW HITPOINT WARNING * * *
You feel sick.
The hound pauses to sniff the ground.
The hound bites you.
You die...

#### #.# #.# ...#
##########.# #.#
##.#####..........# #.#
#.##......######## #.#
##.##......#.#########.#
..........h'>..........#
##^#.......#.###########
...........#.######
.....#........wh@.#
.....#.#.####.###.#
##.#.#.#.# #.# #.#
.#.#.....####.###.#
.#.#.....#..#.....#
...#.....#..####..#
.###........# #..#
............# #..#
..##.....#.#####..#


You could see a worm and a hound.

Vanquished Creatures
  A worker ant (D:3)
  7 adders
  2 gnolls (D:3)
  An ooze (D:3)
  5 dart slugs
  2 leopard geckos (D:3)
  2 orcs (D:3)
  4 giant cockroaches
  10 goblins
  10 hobgoblins
  5 quokkas (D:3)
  A ball python (D:1)
  3 bats
  3 frilled lizards
  4 kobolds
  9 rats
69 creatures vanquished.

Notes
Turn   | Place    | Note
-------+----------+-------------------------------------------
     0 | D:1      | pkoi the Draconian Conjurer began the quest for the Orb.
     0 | D:1      | Reached XP level 1. HP: 14/14 MP: 3/3
   413 | D:1      | Reached XP level 2. HP: 20/20 MP: 1/5
   460 | D:1      | Learned a level 2 spell: Searing Ray
  1247 | D:2      | Reached skill level 5 in Conjurations
  1264 | D:2      | Reached XP level 3. HP: 20/26 MP: 0/6
  1403 | D:2      | Learned a level 3 spell: Dazzling Spray
  1472 | D:2      | Found a sacrificial altar of Ru.
  1515 | D:2      | Found a sacrificial altar of Ru.
  1599 | D:2      | Noticed Terence
  1972 | D:2      | Reached XP level 4. HP: 24/33 MP: 1/7
  2537 | D:3      | Reached skill level 1 in Fighting
  2650 | D:3      | Reached skill level 1 in Hexes
  2650 | D:3      | Reached XP level 5. HP: 20/40 MP: 0/8
  3315 | D:3      | HP: 1/40 [worker ant (3)]
  3316 | D:3      | Slain by a hound

Skill      XL: |  1  2  3  4 |
---------------+-------------+-----
Conjurations   | 5 |  5.9
Dodging        | 2 |  2.4
Fighting       | 1 |  1.6
Hexes          | 1 |  1.2
Stealth        | |  1.7
Spellcasting   | |  2.0

Action                   |  1- 3 |  4- 6 || total
-------------------------+-------+-------++-------
Melee: Unarmed           |    12 |       ||    12
       Dagger            |    13 |    16 ||    29
       Tailslap          |       |     3 ||     3
       Hand axe          |       |    34 ||    34
 Cast: Magic Dart        |    81 |    57 ||   138
       Searing Ray       |       |     2 ||     2
  Use: Scroll            |       |     5 ||     5
 Stab: Sleeping          |       |     1 ||     1
  Eat: Chunk             |     5 |     5 ||    10
Armor: Skin              |     8 |    28 ||    36
Dodge: Dodged            |    20 |    39 ||    59
